 Dungeon Crawl Stone Soup version 0.32-a0-312-g1d7162e751 (webtiles) character file.

Game seed: 14549375180644288899

5830 Essalna the Frost Mage (level 10, -6/59 HPs)
             Began as a Deep Elf Earth Elementalist on Feb 15, 2024.
             Was a Believer of Vehumet.
             Mangled by an orc knight
             ... wielding a +0 trident
              (34 damage)
             ... in a bailey.
             The game lasted 00:19:01 (8604 turns).

Essalna the Frost Mage (DEEE)                       Turns: 8604, Time: 00:19:02

Health: -6/59      AC:  7    Str:  8    XL:     10   Next: 51%
Magic:  19/19      EV: 14    Int: 44    God:    Vehumet [**....]
Gold:   477        SH:  0    Dex: 15    Spells: 5/19 levels left

rFire   x . .        D - +10 executioner's axe of the Sky {spect, rF- Will+ Str+3 Int+5}
rCold   . . .        (shield currently unavailable)
rNeg    . . .        L - +1 leather armour of the Dice {Regen+ Int+2}
rPois   .            u - +1 helmet
rElec   .            (no cloak)
rCorr   .            c - +0 pair of gloves
SInv    .            (no boots)
Will    ++...        (no amulet)
Stlth   ++           e - +6 ring of intelligence
HPRegen 1.09/turn    y - +6 ring of intelligence
MPRegen 0.16/turn

%: no passive effects
@: no status effects
A: no striking features
a: Renounce Religion


You were in a bailey.
You worshipped Vehumet.
Vehumet was pleased with you.
You visited 2 branches of the dungeon, and saw 10 of its levels.
You also visited: Bailey.

You collected 477 gold pieces.

Inventory:

Hand Weapons
 p - a +0 spectral quarterstaff
 D - the +10 executioner's axe of the Sky (weapon) {spect, rF- Will+ Str+3 Int+5}
   (You found it in a bailey)

   Str+3:     It affects your strength (+3).
   Int+5:     It affects your intelligence (+5).
   rF-:       It makes you vulnerable to fire.
   Will+:     It increases your willpower.
Armour
 a - a +0 robe
 c - a +0 pair of gloves (worn)
 g - a +0 pair of gloves
 j - a +2 robe of positive energy
 u - a +1 helmet (worn)
 F - the +3 leather armour of the Fiddle {rF+ rCorr Int+3}
   (You found it on level 6 of the Dungeon)

   Int+3:     It affects your intelligence (+3).
   rF+:       It protects you from fire.
   rCorr:     It protects you from acid and corrosion.
 L - the +1 leather armour of the Dice (worn) {Regen+ Int+2}
   (You found it on level 8 of the Dungeon)

   Int+2:     It affects your intelligence (+2).
   Regen+:    It increases your rate of health regeneration.
Magical Staves
 I - a staff of air
Jewellery
 d - a ring of flight
 e - a +6 ring of intelligence (left hand)
 r - a ring of fire
 y - a +6 ring of intelligence (right hand)
Wands
 q - a wand of polymorph (4)
 K - a wand of roots (5)
 N - a wand of charming (7)
Scrolls
 f - a scroll of amnesia
 i - 2 scrolls of enchant armour
 k - a scroll of noise
 s - 4 scrolls of identify
 t - 2 scrolls of immolation
 x - a scroll of brand weapon
Potions
 b - a potion of magic
 h - a potion of ambrosia {unknown}
 l - a potion of haste {unknown}
 m - 2 potions of curing
 n - 4 potions of heal wounds {unknown}
 v - a potion of resistance {unknown}
 w - a potion of might {unknown}
 z - a potion of cancellation {unknown}
 A - a potion of invisibility {unknown}
 B - a potion of mutation {unknown}
 C - a potion of brilliance {unknown}
 H - 11 potions of degeneration
 J - a potion of enlightenment {unknown}


   Skills:
 - Level 5.1 Fighting
 - Level 4.2 Armour
 - Level 6.6 Dodging
 - Level 2.4 Stealth
 - Level 5.0 Spellcasting
 - Level 6.0 Conjurations
 + Level 10.7 Ice Magic
 - Level 3.0 Air Magic
 - Level 5.0 Earth Magic


You had 5 spell levels left.
You knew the following spells:

 Your Spells              Type           Power      Damage    Failure   Level
a - Sandblast             Erth           100%       2d20      1%          1
b - Stone Arrow           Conj/Erth      100%       3d13      1%          3
c - Swiftness             Air            37%        N/A       2%          3
d - Ozocubu's Refrigerat  Ice            41%        4d16      30%         7

Your spell library contained the following spells:

 Spells                   Type           Power      Damage    Failure   Level
 Scorch                   Fire           22%        2d5       4%          2
 Sting                    Conj/Alch      100%       1d9       1%          1
 Ensorcelled Hibernation  Hex/Ice        100%       N/A       1%          2
 Momentum Strike          Conj/Tloc      74%        3d10      1%          2
 Hailstorm                Conj/Ice       71%        3d12      1%          3
 Passwall                 Erth           53%        N/A       1%          3
 Summon Ice Beast         Ice/Summ       55%        N/A       1%          3
 Mercury Vapours          Alch/Air       48%        N/A       2%          2
 Slow                     Hex            44%        N/A       3%          1
 Summon Small Mammal      Summ           44%        N/A       3%          1
 Brom's Barrelling Bould  Conj/Erth      56%        2d7       3%          4
 Blink                    Tloc           22%        N/A       4%          2
 Lesser Beckoning         Tloc           22%        N/A       4%          2
 Call Canine Familiar     Summ           11%        N/A       9%          3
 Confusing Touch          Hex            11%        N/A       9%          3
 Sigil of Binding         Hex            11%        N/A       9%          3
 Tukima's Dance           Hex            11%        N/A       9%          3
 Vampiric Draining        Necr           11%        2d6       9%          3
 Iskenderun's Mystic Bla  Conj/Tloc      37%        2d9       9%          4
 Petrify                  Alch/Erth      33%        N/A       11%         4
 Dimensional Bullseye     Hex/Tloc       5%         N/A       30%         4
 Olgreb's Toxic Radiance  Alch           11%        N/A       30%         4
 Summon Blazeheart Golem  Fire/Summ      11%        N/A       30%         4
 Sculpt Simulacrum        Ice/Alch       27%        N/A       45%         6
 Discord                  Hex            5%         N/A       100%        8


Dungeon Overview and Level Annotations

Branches:
Dungeon (9/15)             Temple (1/1) D:4            Lair (0/5) D:9
 Bailey (1/1)
    Orc: D:9-12

Altars:
Elyvilon
Gozag
Hepliaklqana
Makhleb
Qazlal
Ru
Sif Muna
Trog
Vehumet
Wu Jian
Zin
The Shining One

Shops:
D:4 ?


Message History

The bolt of acid hits the orc knight!
The orc knight seems to be corroded for longer.
The orc knight is heavily wounded.
The bolt of acid hits the orc knight!
The orc knight seems to be corroded for longer.
The orc knight is moderately wounded.
The orc knight roars a battlecry!
The orc knight goes into a battle-frenzy!
Aiming: Corrosive Bolt
Press: ? - help, Shift-Dir - straight line, f/p - orc knight
Aim: an orc knight, wielding a +0 halberd and wearing a +0 chain mail (moderately wounded, strong, covered in acid, 68% to hit)
The bolt of acid hits the orc knight!
The orc knight is severely wounded.
The bolt of acid hits the orc knight!
The orc knight seems to be corroded for longer.
The orc knight is heavily wounded.
The now-empty wand crumbles to dust.
The orc knight roars a battlecry!
The orc knight goes into a battle-frenzy!
The orc knight hits you from afar with a +0 trident!
Aiming: Polymorph
Press: ? - help, Shift-Dir - straight line, f/p - orc knight
Aim: an orc knight, wielding a +0 halberd and wearing a +0 chain mail (heavily wounded, strong, covered in acid, will become a merfolk, a jumping spider, or a deep troll, chance to affect: 31%)
The orc knight easily resists.
The orc knight barely misses you.
Aiming: Fastroot
Press: ? - help, Shift-Dir - straight line, f/p - orc knight
Aim: an orc knight, wielding a +0 halberd and wearing a +0 chain mail (heavily wounded, strong, covered in acid)
The roots erupt in riotous growth!
Roots grab the orc knight. x2
The grasping roots constrict the orc knight. x2
The orc knight hits you from afar with a +0 trident!!
The grasping roots constrict the orc knight!
The grasping roots constrict the orc knight.
The roots release their grip on the orc knight. x2
The orc knight attacks as it pursues you!
The orc knight closely misses you.
The orc knight attacks as it pursues you!
The orc knight hits you from afar with a +0 trident!!
Ouch! That really hurt!
You die...

.................................
..≈≈≈≈≈.................≈≈≈≈≈....
.≈≈###≈≈...............≈≈###≈≈...
.≈##.##≈...............≈##.##≈...
.≈#..)).....................#≈...
.≈##.∩#≈...............≈#∩.##≈...
.≈≈#.##≈......###......≈##.#≈≈...
..≈≈.≈≈≈...#########...≈≈≈.≈≈....
..........##..o.@..##............
.........##.o#'#'#).##......)....
.........#..##)#.##).#.......)...
........##o#########.##.......)..
........##.')#?.:#)'.##..........
........##.###.o.###.##..........
........##.'.#o..#.'.##..........
........##.####o####.##..........
.........#..##∩.∩##..##..........


You could see 2 orc knights.

Vanquished Creatures
  Sigmund (D:2)
  A shadow (D:9)
  7 yaks
  A steam dragon (D:8)
  4 ice beasts
  11 orc warriors
  A black bear (D:7)
  A sky beast (D:5)
  An ogre (D:7)
  A centaur (D:8)
  2 phantoms
  3 kobold brigands
  3 bullfrogs
  4 scorpions
  3 wights (D:6)
  8 killer bees
  2 howler monkeys
  9 hounds
  5 jellies
  A gnoll bouda (D:6)
  Ijyb (D:4)
  3 iguanas
  10 orc wizards
  6 adders
  9 gnolls
  A white imp (D:6)
  An ufetubus (D:6)
  A ribbon worm (D:3)
  A dart slug (D:5)
  32 orcs
  9 endoplasms
  5 giant cockroaches
  11 goblins
  9 hobgoblins
  2 jackals (D:2)
  29 kobolds
  2 quokkas
  4 ball pythons
  8 bats
  3 frilled lizards
  4 rats
220 creatures vanquished.

Notes
Turn   | Place    | Note
-------+----------+-------------------------------------------
     0 | D:1      | Essalna the Deep Elf Earth Elementalist began the quest for
                  | the Orb.
     0 | D:1      | Reached XP level 1. HP: 10/10 MP: 6/6
   105 | D:1      | Reached XP level 2. HP: 15/15 MP: 6/8
   318 | D:1      | Found a faded altar of an unknown god.
   486 | D:1      | Reached XP level 3. HP: 19/19 MP: 7/10
   940 | D:2      | Reached XP level 4. HP: 5/24 MP: 4/12
  1051 | D:2      | Reached skill level 5 in Spellcasting
  1055 | D:2      | Learned a level 3 spell: Stone Arrow
  1141 | D:2      | Noticed Sigmund
  1149 | D:2      | Killed Sigmund
  1150 | D:2      | Reached skill level 5 in Earth Magic
  1150 | D:2      | Reached XP level 5. HP: 26/31 MP: 5/14
  1249 | D:2      | Reached XP level 6. HP: 32/36 MP: 11/15
  2055 | D:3      | Found a shimmering blue altar of Sif Muna.
  2075 | D:3      | Reached skill level 1 in Armour
  2112 | D:3      | Got Sif Muna's Directory of Mischance
  2499 | D:3      | Learned a level 3 spell: Swiftness
  2793 | D:4      | Noticed Ijyb
  2955 | D:4      | Killed Ijyb
  3065 | D:4      | Reached XP level 7. HP: 41/41 MP: 14/16
  3086 | D:4      | Found Ataynywua's Magic Scroll Shoppe.
  3276 | D:4      | Reached skill level 1 in Air Magic
  3484 | D:4      | Found a staircase to the Ecumenical Temple.
  3490 | Temple   | Entered the Ecumenical Temple
  3508 | Temple   | Became a worshipper of Vehumet
  3595 | D:5      | Entered Level 5 of the Dungeon
  3911 | D:5      | You are sucked into a shaft and drop 1 floor!
  4031 | D:5      | Reached XP level 8. HP: 48/48 MP: 13/17
  4726 | D:6      | Reached skill level 5 in Dodging
  5061 | D:6      | Reached skill level 5 in Conjurations
  5322 | D:6      | Reached * piety under Vehumet
  5322 | D:6      | Offered knowledge of Freeze by Vehumet.
  5351 | D:5      | Reached XP level 9. HP: 38/53 MP: 10/18
  5565 | D:6      | Reached skill level 5 in Fighting
  5740 | D:6      | Identified the +3 leather armour of the Fiddle {rF+ rCorr
                  | Int+3}
  5793 | D:6      | Learned a level 7 spell: Ozocubu's Refrigeration
  6037 | D:7      | Reached skill level 1 in Ice Magic
  6045 | D:7      | Reached skill level 2 in Ice Magic
  6109 | D:7      | Found a white marble altar of Elyvilon.
  6141 | D:7      | Reached skill level 3 in Ice Magic
  6187 | D:7      | Reached skill level 4 in Ice Magic
  6446 | D:7      | Found a bloodstained altar of Trog.
  6490 | D:7      | Reached skill level 5 in Ice Magic
  6492 | D:7      | Reached ** piety under Vehumet
  6492 | D:7      | Offered knowledge of Foxfire by Vehumet.
  6773 | D:8      | Reached skill level 6 in Ice Magic
  6916 | D:8      | Identified the +1 leather armour of the Dice {Regen+ Int+2}
  7113 | D:8      | Reached skill level 7 in Ice Magic
  7246 | D:8      | Reached XP level 10. HP: 19/59 MP: 13/19
  7250 | D:8      | Reached skill level 8 in Ice Magic
  7430 | D:8      | Identified the +8 scale mail "Fionus" {rC- rN+ Int+6
                  | Slay+2}
  7694 | D:9      | Reached skill level 9 in Ice Magic
  7784 | D:9      | Found a flagged portal.
  7808 | Bailey   | Entered a bailey
  8013 | Bailey   | Reached skill level 10 in Ice Magic
  8262 | Bailey   | Offered knowledge of Scorch by Vehumet.
  8367 | Bailey   | Identified the +10 executioner's axe of the Sky {spect, rF-
                  | Will+ Str+3 Int+5}
  8370 | Bailey   | Found a roughly hewn altar of Beogh.
  8370 | Bailey   | Noticed an orc knight
  8370 | Bailey   | Noticed an orc knight
  8604 | Bailey   | Mangled by an orc knight

Illustrated notes

Levels and vault maps discovered:
D:1:      minmay_arrival_shattered_statue, layout_loops_ring,
          shapermc_ecumenical_altar_mp_ritualfount
D:2:      layout_basic, chequers_jeans, uniq_sigmund
D:3:      layout_loops_cross, led_sif_book
D:4:      layout_cave_pools, temple_green, serial_shops,
          nicolae_shop_gibbet_a_chance, uniq_ijyb
D:5:      layout_basic, kennysheep_flooded_box
D:6:      minmay_opposing_rooms, layout_basic
D:7:      layout_cave_pools, mainiacjoe_overflow_surrounded_room,
          mainiacjoe_overflow_small_starburst, minmay_hedge_maze,
          minmay_a_box_with_orc_wizards_in_it
D:8:      layout_cave_pools, serial_co_window_serial, co_window_corner_a,
          co_window_cross_1, co_window_paths_a, co_window_corner_a,
          co_window_paths_a, co_window_corner_b, co_window_corner_ca,
          co_window_corner_cb, co_window_unsneaky_path_d, co_window_cross_2,
          glass_columns_b, glass_columns_a, glass_columns_b, glass_columns_a,
          glass_columns_c
D:9:      layout_cave_pools, minitemple, lair_entry_dummy, enter_bailey_7,
          gammafunk_ghost_nasty_kobolds
Temple:   hellmonk_temple_forest_ring
Bailey:   bailey_polearm_2, bailey

Skill      XL: |  1  2  3  4  5  6  7  8  9 10 |
---------------+-------------------------------+-----
Earth Magic    | 4 5 |  5.0
Spellcasting   | 4 5 |  5.0
Fighting       | 2 3 4 5 |  5.1
Conjurations   | 2 3 4 5 6 |  6.0
Armour         | 1 2 3 4 |  4.2
Dodging        | 3 4 6 |  6.6
Air Magic      | 2 3 |  3.0
Ice Magic      | 7 10 | 10.7
Stealth        | |  2.4

Action                     |  1- 3 |  4- 6 |  7- 9 | 10-12 || total
---------------------------+-------+-------+-------+-------++-------
  Melee: Unarmed           |     1 |     7 |       |       ||     8
         Quarterstaff      |       |     4 |    18 |    44 ||    66
   Cast: Sandblast         |    33 |    76 |   167 |    51 ||   327
         Stone Arrow       |       |     3 |     2 |    28 ||    33
         Swiftness         |       |       |     1 |       ||     1
  Evoke: Wand              |       |       |       |    10 ||    10
    Use: Potion            |     1 |       |       |       ||     1
         Scroll            |       |       |     1 |     9 ||    10
   Stab: Distracted        |       |       |       |     1 ||     1
         Sleeping          |       |       |       |     1 ||     1
 Armour: Robe              |    11 |    17 |    36 |       ||    64
         Skin              |       |     2 |       |       ||     2
         Leather armour    |       |       |    38 |    82 ||   120
  Dodge: Dodged            |    13 |    24 |    86 |   100 ||   223

Table legend: (Time is in decaauts)
 A = Elapsed time spent in this place.
 B = Non-inter-level travel time spent in this place.
 C = Inter-level travel time spent in this place.
 D = Time resting spent in this place.
 E = Time spent auto-exploring this place.
 F = Levels seen in this place.
 G = Mean time per level.
                   A        B        C        D        E       F      G
               +--------+--------+--------+--------+--------+-----+--------+
         Total |   8781 |   8446 |    335 |    166 |   6876 |  11 |  798.3 |
       Dungeon |   7932 |   7631 |    301 |    166 |   6264 |   9 |  881.3 |
        Temple |     36 |      2 |     34 |      0 |      0 |   1 |   36.0 |
        Bailey |    812 |    812 |      0 |      0 |    612 |   1 |  812.0 |
               +--------+--------+--------+--------+--------+-----+--------+

Top non-repeatable levels by time:
     D:6: 1402 daAuts
     D:3: 1146 daAuts
     D:5: 1071 daAuts
     D:8: 1067 daAuts
     D:1: 911 daAuts
     D:2: 889 daAuts
  Bailey: 812 daAuts
     D:4: 665 daAuts
     D:7: 638 daAuts
     D:9: 140 daAuts
  Temple: 36 daAuts
